 Dungeon Crawl Stone Soup version 0.24.0-13-gcf9b319 (webtiles) character file.

Game seed: 3674171632197777518, levelgen mode: deterministic

9 Benana2222 the Ducker (level 2, -1/34 HPs)
             Began as a Gnoll Wanderer on Nov 19, 2019.
             Slain by a giant cockroach (2 damage)
             ... on level 1 of the Dungeon on Nov 20, 2019.
             The game lasted 00:02:26 (148 turns).

Benana2222 the Ducker (Gnoll Wanderer)               Turns: 148, Time: 00:02:27

Health: -1/34      AC: 21    Str: 13    XL:     2   Next: 12%
Magic:  5/5        EV:  2    Int: 14    God:
Gold:   45         SH:  0    Dex: 15    Spells: 6/6 levels left

rFire    . . .     SeeInvis .   a - +2 falchion
rCold    . . .     Gourm    .   (no shield)
rNeg     + + +     Faith    .   (armour currently unavailable)
rPois    +         Spirit   .   (helmet currently unavailable)
rElec    .         Reflect  .   (cloak currently unavailable)
rCorr    .         Harm     .   (gloves currently unavailable)
MR       .....     NoTele   +   (boots currently unavailable)
Stlth    ++........             (no amulet)
HPRegen  0.11/turn              (no ring)
MPRegen  0.09/turn              (no ring)

@: tree-form
A: distributed training, strong nose
a: no special abilities


You were on level 1 of the Dungeon.
You were not hungry.
You were a tree.
You visited 1 branch of the dungeon, and saw 1 of its levels.

You collected 45 gold pieces.

Inventory:

Hand Weapons
 a - a +2 falchion (weapon)
Missiles
 e - 19 stones (quivered)
Armour
 c - a +0 robe (melded)
Scrolls
 f - a scroll of identify {unknown}
Potions
 b - a potion of lignification
Comestibles
 d - a ration
 g - a chunk of flesh


   Skills:
 + Level 2.4 Fighting
 + Level 0.2 Short Blades
 + Level 2.4 Long Blades
 + Level 0.2 Axes
 + Level 0.2 Maces & Flails
 + Level 0.2 Polearms
 + Level 0.2 Staves
 + Level 0.2 Slings
 + Level 0.2 Bows
 + Level 0.2 Crossbows
 + Level 0.2 Throwing
 + Level 0.2 Armour
 + Level 4.4 Dodging
 + Level 2.2 Stealth
 + Level 2.4 Shields
 + Level 0.2 Unarmed Combat
 + Level 2.6 Spellcasting
 + Level 0.1 Conjurations
 + Level 0.1 Hexes
 + Level 0.1 Charms
 + Level 0.1 Summonings
 + Level 0.1 Necromancy
 + Level 0.1 Translocations
 + Level 3.6 Transmutations
 + Level 0.1 Fire Magic
 + Level 0.1 Ice Magic
 + Level 0.1 Air Magic
 + Level 0.1 Earth Magic
 + Level 0.1 Poison Magic
 + Level 0.3 Invocations
 + Level 2.4 Evocations


You had 6 spell levels left.
You didn't know any spells.
Your spell library was empty.

Dungeon Overview and Level Annotations

Branches:
Dungeon (1/15)

Altars:


Innate Abilities, Weirdness & Mutations

Your experience applies equally to all skills.
((You have very sharp teeth.))
Your uncanny sense of smell can sniff out nearby items.


Message History

The ooze hits you but does no damage. The giant cockroach bites you.
* * * LOW HITPOINT WARNING * * *
The ooze hits you but does no damage. The giant cockroach bites you.
* * * LOW HITPOINT WARNING * * *
The ooze hits you but does no damage.
The giant cockroach bites you but does no damage.
The ooze hits you but does no damage.
The giant cockroach bites you but does no damage.
The ooze hits you but does no damage.
The giant cockroach bites you but does no damage.
The giant cockroach bites you but does no damage.
The ooze hits you but does no damage.
The giant cockroach waves its antennae.
The giant cockroach bites you but does no damage.
The ooze hits you.
* * * LOW HITPOINT WARNING * * *
The giant cockroach bites you.
You die...

##........####
........##.......###
........##.......# ###
###...!..##.......#
##.####.##.....###.....##
#'#.##...##....###....##
##.##'.....#....#...####
##...###...##....#g.##
#.....###.###...♣Jg.#
...<...##'# #...#s.##
#.....###.###..##..# ∆
##...###...####...)#
.##.##'.....#...##)#####..
.##'#.##...#######........
..##.####.##........####..
#..### ###..###...##
##..#######.........#


You could see an ooze, a giant cockroach, a hobgoblin and a goblin.

Vanquished Creatures
  A leopard gecko (D:1)
  2 goblins (D:1)
  A jackal (D:1)
  A kobold (D:1)
  2 rats (D:1)
7 creatures vanquished.

Notes
Turn   | Place    | Note
-------+----------+-------------------------------------------
     0 | D:1      | Benana2222 the Gnoll Wanderer began the quest for the Orb.
     0 | D:1      | Benana2222 set off with the following items: a +2 falchion,
                  | 2 potions of lignification, a +0 robe, a ration
     0 | D:1      | Reached XP level 1. HP: 17/17 MP: 4/4
   107 | D:1      | Reached XP level 2. HP: 8/23 MP: 5/5
   147 | D:1      | HP: 1/34 [ooze (2)]
   148 | D:1      | Slain by a giant cockroach

Levels and vault maps discovered:
D:1:      dpeg_arrival_rhombi, layout_rooms, minmay_misc_feat_square,
          st_stairs_2

Action                   || total
-------------------------++-------
Melee: Falchion          ||    18
       Bite              ||     2
  Use: Potion            ||     1
 Stab: Sleeping          ||     1
Armor: Robe              ||     3
       Skin              ||    46
Dodge: Dodged            ||    15
       Rpst.: Falchion   ||     5
